 Dungeon Sprint DCSS version 0.22-a0-358-g7563fe7 (webtiles) character file.

172 Arum the Skirmisher (level 5, -2/78 HPs)
             Began as a Draconian Gladiator on Apr 18, 2018.
             Was an Initiate of Okawaru.
             Slain by an unseen horror (8 damage)
             ... in the Dungeon (Sprint IX: "|||||||||||||||||||||||||||||").
             The game lasted 00:02:47 (480 turns).

Arum the Skirmisher (Draconian Gladiator)            Turns: 480, Time: 00:02:47

Health: -2/78      AC:  6    Str: 23    XL:     5   Next: 27%
Magic:  5/5        EV: 15    Int:  8    God:    Okawaru [......]
Gold:   0          SH:  0    Dex: 12    Spells: 4/4 levels left

rFire    . . .     SeeInvis .   q - +3 war axe (chop)
rCold    . . .     Gourm    .   (no shield)
rNeg     . . .     Faith    .   (armour unavailable)
rPois    .         Spirit   .   b - +0 hat
rElec    .         Reflect  .   r - +0 cloak
rCorr    .         Harm     .   (no gloves)
MR       .....     NoTele   +   (no boots)
Stlth    ..........             (no amulet)
HPRegen  0.23/turn              (no ring)
MPRegen  0.09/turn              (no ring)

@: berserking, very quick
A: unfitting armour, cold-blooded, AC +5
a: Renounce Religion


You were in the Dungeon.
You worshipped Okawaru.
Okawaru was noncommittal.
You were not hungry.

You visited 1 branch

Inventory:

Hand Weapons
 a - a +0 war axe
 q - a +3 war axe of chopping (weapon)
Missiles
 c - 3 throwing nets (quivered)
Armour
 b - a +0 hat (worn)
 r - a +0 cloak (worn)
Jewellery
 o - a +2 ring of protection
 p - a +3 ring of strength
Wands
 n - a wand of iceblast (10)
Scrolls
 j - 2 scrolls of blinking
 l - 3 scrolls of remove curse
 m - 2 scrolls of amnesia
Potions
 e - 4 potions of curing
 f - 3 potions of heal wounds
 g - a potion of haste
 h - 4 potions of magic
 k - a potion of invisibility
Comestibles
 d - a ration


   Skills:
 + Level 7.1 Fighting
 + Level 6.9 Axes
 - Level 1.7 Throwing
 + Level 6.3 Dodging


You had 4 spell levels left.
You didn't know any spells.

Dungeon Overview and Level Annotations

Branches:
Dungeon (1/1)

Altars:
Cheibriados
Dithmenos
Elyvilon
Fedhas
Gozag
Hepliaklqana
Kikubaaqudgha
Makhleb
Nemelex Xobeh
Okawaru
Qazlal
Ru
Sif Muna
Trog
Uskayaw
Vehumet
Wu Jian
Xom
Yredelemnul
Zin
The Shining One
Beogh
Jiyva
Lugonu


Innate Abilities, Weirdness & Mutations

Your plain brown scales are hard. (AC +5)
You cannot fit into any form of body armour.
You are cold-blooded and may be slowed by cold attacks.


Message History

You have reached level 5!
Something hits you.
Deactivating autopickup; reactivate with Ctrl-A.
Something closely misses you. Something hits you.
You barely miss something. Something barely misses you.
You miss something. Something hits you. x2
A red film seems to cover your vision as you go berserk!
You feel yourself moving faster!
You feel mighty! Something hits you but does no damage.
You miss something. Something hits you.
* * * LOW HITPOINT WARNING * * *
You slash something! Something hits you.
* * * LOW HITPOINT WARNING * * *
Something hits you but does no damage.
You slash something! Something hits you but does no damage. Something hits you!
* * * LOW HITPOINT WARNING * * *
You closely miss something. You tail-slap something! Something hits you!
* * * LOW HITPOINT WARNING * * *
Something hits you!
You die... ▓▓▓▓▓▓▓▓▓▓▓▓▓▓▓▓▓▓▓▓▓▓▓▓ ______'..|)[.[..@{rO...+ ▓▓▓▓▓▓▓▓▓▓▓▓▓▓▓▓▓▓▓▓▓▓▓▓

You could see an ogre and a quokka.

Vanquished Creatures
  A water moccasin (D)
  2 worker ants (D)
  A dart slug (D)
  2 leopard geckos (D)
  2 orcs (D)
  A ball python (D)
  A bat (D)
  A giant cockroach (D)
  A kobold (D)
  A frilled lizard (D)
13 creatures vanquished.

Notes
Turn   | Place    | Note
-------+----------+-------------------------------------------
     0 | D        | Arum the Draconian Gladiator began the quest for the Orb.
     0 | D        | Reached XP level 1. HP: 17/17 MP: 1/1
    11 | D        | Reached skill level 3 in Fighting
    14 | D        | Reached XP level 2. HP: 17/26 MP: 2/2
   158 | D        | Reached skill level 4 in Fighting
   158 | D        | Reached XP level 3. HP: 19/34 MP: 3/3
   299 | D        | Found a roughly hewn altar of Beogh.
   299 | D        | Found a snail-covered altar of Cheibriados.
   299 | D        | Found a shadowy altar of Dithmenos.
   299 | D        | Found a white marble altar of Elyvilon.
   299 | D        | Found a blossoming altar of Fedhas.
   299 | D        | Found an opulent altar of Gozag.
   300 | D        | Found a hazy altar of Hepliaklqana.
   301 | D        | Found a viscous altar of Jiyva.
   302 | D        | Found an ancient bone altar of Kikubaaqudgha.
   303 | D        | Found a corrupted altar of Lugonu.
   304 | D        | Found a burning altar of Makhleb.
   305 | D        | Found a sparkling altar of Nemelex Xobeh.
   306 | D        | Found an iron altar of Okawaru.
   307 | D        | Found a stormy altar of Qazlal.
   308 | D        | Found a sacrificial altar of Ru.
   309 | D        | Found a deep blue altar of Sif Muna.
   310 | D        | Found a bloodstained altar of Trog.
   311 | D        | Found a hide-covered altar of Uskayaw.
   312 | D        | Found a radiant altar of Vehumet.
   313 | D        | Found an ornate altar of the Wu Jian Council.
   314 | D        | Found a shimmering altar of Xom.
   315 | D        | Found a basalt altar of Yredelemnul.
   316 | D        | Found a glowing silver altar of Zin.
   317 | D        | Found a glowing golden altar of the Shining One.
   410 | D        | Became a worshipper of Warmaster Okawaru
   456 | D        | Noticed a water moccasin
   456 | D        | Noticed an ogre
   463 | D        | Reached skill level 5 in Fighting
   463 | D        | Reached skill level 5 in Axes
   473 | D        | Killed a water moccasin
   473 | D        | Reached skill level 7 in Fighting
   473 | D        | Reached XP level 4. HP: 32/47 MP: 4/4
   473 | D        | Reached XP level 5. HP: 36/52 MP: 5/5
   480 | D        | Slain by an unseen horror

Vault maps used:
D:        linesprint

Skill      XL: |  1  2  3 |
---------------+----------+-----
Dodging        | 3 4 6 |  6.3
Fighting       | 3 4 7 |  7.1
Axes           | 4 6 |  6.9
Throwing       | |  1.7

Action                   |  1- 3 |  4- 6 || total
-------------------------+-------+-------++-------
Melee: War axe           |    54 |     6 ||    60
       Tailslap          |     3 |     1 ||     4
  Use: Potion            |     1 |     1 ||     2
 Stab: Sleeping          |     1 |       ||     1
Armor: Skin              |     7 |     3 ||    10
Dodge: Dodged            |    48 |     2 ||    50

Table legend:
 A = Spawn XP
 B = Non-spawn XP
 C = Spawn XP percentage of total XP
 D = Spawn monster count
 E = Non-spawn monster count
 F = Spawn count percentage of total count
 G = Total turns spent on level
                    A         B        C        D         E        F      G
               +---------+---------+-------+---------+---------+-------+---------
         Total |       0 |     247 |   0.0 |       0 |      13 |   0.0 |   480
               +---------+---------+-------+---------+---------+-------+---------
             D |       0 |     247 |   0.0 |       0 |      13 |   0.0 |   480
               +---------+---------+-------+---------+---------+-------+---------
